 Dungeon Crawl Stone Soup version 0.21-a0-170-g0398fc9 (webtiles) character file.

24885 FRamirez the Severer (level 12, -3/112 HPs)
             Began as a Minotaur Berserker on Aug 7, 2017.
             Was a High Priest of Trog.
             Slain by a large slime creature (28 damage)
             ... on level 13 of the Dungeon.
             The game lasted 02:34:56 (13584 turns).

FRamirez the Severer (Minotaur Berserker)          Turns: 13584, Time: 02:35:03

Health: -3/112     AC: 16    Str: 27    XL:     12   Next: 84%
Magic:  3/3        EV: 16    Int:  4    God:    Trog [*****.]
Gold:   1164       SH:  0    Dex: 13    Spells: 11/11 levels left

rFire    . . .     SeeInvis .   J - +1 battleaxe (antimagic)
rCold    . . .     Gourm    +   (shield currently unavailable)
rNeg     . . .     Faith    .   S - +1 acid dragon scales
rPois    .         Spirit   .   (helmet restricted)
rElec    .         Reflect  .   j - +0 cloak
rCorr    +         Harm     .   (no gloves)
MR       .....                  y - +0 pair of boots
Stlth    ++........             F - amulet of the gourmand
HPRegen  0.28/turn              Q - +3 ring of dexterity
MPRegen  0.08/turn              d - +3 ring of protection

@: no status effects
A: retaliatory headbutt, horns 2
a: Berserk, Trog's Hand, Brothers in Arms, Burn Spellbooks, Renounce Religion


You were on level 13 of the Dungeon.
You worshipped Trog.
Trog was extremely pleased with you.
You were completely stuffed.

You visited 2 branches of the dungeon, and saw 15 of its levels.
You also visited: Bailey.

You collected 1388 gold pieces.
You spent 224 gold pieces at shops.

Inventory:

Hand Weapons
 z - a +3 antimagic quarterstaff
 A - a +2 war axe of protection
 J - a +1 antimagic battleaxe (weapon)
 P - a +4 antimagic hand axe
 T - a +1 hand axe of freezing
Missiles
 f - 8 javelins of penetration (quivered)
Armour
 e - a +2 scale mail of fire resistance
 j - a +0 cloak (worn)
 u - a +0 buckler
 y - a +0 pair of boots (worn)
 L - a +0 troll leather armour
 M - a +0 troll leather armour
 R - a +2 plate armour of positive energy
 S - +1 acid dragon scales (worn)
 U - a +0 troll leather armour
Jewellery
 b - an uncursed ring of poison resistance
 d - a +3 ring of protection (right hand)
 C - an uncursed ring of see invisible
 F - an amulet of the gourmand (around neck)
 H - an uncursed ring of magical power
 O - an uncursed ring of stealth
 Q - a +3 ring of dexterity (left hand)
Wands
 k - a wand of paralysis (8/24)
 l - a wand of paralysis (13/24)
 p - a wand of confusion (19/48)
Scrolls
 a - 3 scrolls of teleportation
 i - 3 scrolls of recharging
 m - a scroll of magic mapping
 q - 2 scrolls of fear
 w - 5 scrolls of remove curse
 x - 5 scrolls of identify
 K - 2 scrolls of fog
 N - 3 scrolls of enchant weapon
Potions
 h - 6 potions of curing
 n - 2 potions of berserk rage
 s - a potion of invisibility
 t - 3 potions of agility
 v - 7 potions of flight
 B - 2 potions of might
 D - a potion of cancellation
 G - a potion of heal wounds
 I - a potion of mutation
Books
 E - a book of Cantrips

   Spells                             Type                      Level
   a - Confusing Touch                Hexes                        1
   b - Animate Skeleton               Necromancy                   1
   c - Summon Small Mammal            Summoning                    1
   d - Apportation                    Translocation                1
   Trog disapproves of the use of such an item.
Comestibles
 c - 5 bread rations
 g - 5 royal jellies
 o - 7 meat rations
 r - 9 fruits


   Skills:
 + Level 12.1 Fighting
 + Level 16.5 Axes
 + Level 1.2 Staves
 + Level 11.0 Armour
 + Level 8.7 Dodging
 + Level 4.4 Stealth
 + Level 3.1 Shields
 + Level 0.5 Evocations


You had 11 spell levels left.
You didn't know any spells.

Dungeon Overview and Level Annotations

Branches:
Dungeon (13/15)            Temple (0/1) D:7            Lair (2/6) D:8
 Shoals (0/4) Lair:2          Orc (0/2) D:11
  Snake: Lair:2-4    Spider: Lair:2-4    Vaults: D:13-14

Altars:
Ashenzari
Cheibriados
Elyvilon
Gozag
Hepliaklqana
Kikubaaqudgha
Nemelex Xobeh
Ru
Xom
Yredelemnul
The Shining One

Shops:
D:5 ?   D:6 :

Annotations:
D:11 1 runed door


Innate Abilities, Weirdness & Mutations

You reflexively headbutt those who attack you in melee.
You have a pair of horns on your head.


Message History

You headbutt the large slime creature!
The large slime creature is almost dead.
You slash the large slime creature!
The large slime creature hits you but does no damage.
The large slime creature hits you!!
You are too injured to fight recklessly!
You are too injured to fight recklessly!
You are too injured to fight recklessly!
You hit the large slime creature but do no damage.
The large slime creature is almost dead.
You slash the large slime creature! The large slime creature hits you!!
* * * LOW HITPOINT WARNING * * *
The large slime creature hits you but does no damage.
You hit the large slime creature but do no damage.
The large slime creature is moderately wounded.
You slash the large slime creature!
The large slime creature barely misses you.
You furiously retaliate!
You headbutt the large slime creature! The large slime creature hits you!!
You die...

#######.# ####..
........# #....#
######..# #....#
#..! #....# #...
#....# #.#.
####....# #.##
.....?JJ# #.##
#@# #.## #.# #.##
#.# #.# #.# #.#
#.# #.# #.# #.#
#.##+++########.#
#...............#
###.†..##########


You could see 2 large slime creatures.

Vanquished Creatures
  2 hydras
  2 two-headed ogres
  An unseen horror (D:10)
  A deep elf mage (D:12)
  An ugly thing (D:13)
  Pikel (D:4)
  2 oklob plants (Lair:2)
  A cyclops (D:11)
  A manticore (D:10)
  A salamander (shapeshifter) (D:13)
  A black mamba (Lair:2)
  5 spiny frogs
  A gargoyle (D:11)
  4 komodo dragons (Lair:1)
  4 centaur skeletons
  3 trolls
  Prince Ribbit (D:6)
  A hornet (D:12)
  A slime creature (D:13)
  3 blink frogs (Lair:1)
  A hippogriff (D:7)
  A shadow (D:11)
  2 wyverns
  Sigmund (D:6)
  A wraith (D:12)
  A basilisk (Lair:1)
  A hungry ghost (D:12)
  16 yaks
  An acid dragon (D:12)
  10 orc warriors
  7 porcupines
  A water moccasin (Lair:1)
  Duvessa (D:5)
  6 sky beasts
  An eye of draining (D:10)
  5 ice beasts
  A black bear (D:6)
  A necrophage (D:8)
  A phantom (D:5)
  4 wolves (Lair:2)
  5 ogres
  4 centaurs
  3 crocodiles
  A big kobold (D:12)
  12 bullfrogs
  Dowan (D:5)
  5 scorpions
  21 killer bees
  13 wights
  3 howler monkeys (D:9)
  2 centaur zombies
  3 crimson imps
  2 bullfrog zombies
  A quasit (D:12)
  9 hounds
  6 orc priests
  A gnoll shaman (D:8)
  7 jellies
  Jessica (D:3)
  6 iguanas
  5 orc wizards
  12 worker ants
  2 hound zombies
  A hound skeleton (D:10)
  9 gnolls
  7 adders
  2 shadow imps
  An ooze (D:1)
  An adder skeleton (D:3)
  8 worms
  5 leopard geckos
  42 orcs
  15 giant cockroaches
  11 goblins
  7 hobgoblins
  10 jackals
  16 kobolds
  7 quokkas
  9 bats
  3 frilled lizards
  A jackal skeleton (D:4)
  2 leopard gecko skeletons
  A quokka zombie (D:5)
  17 rats
  4 butterflies (D:11)
  A plant (Lair:2)
405 creatures vanquished.

Vanquished Creatures (others)
  A slave (D:4)
  An ogre (D:4)
  2 orc wizards (D:4)
  A worker ant (D:4)
  An adder (D:4)
  A leopard gecko (D:4)
  An orc (D:4)
  A kobold (D:4)
  A fungus (Lair:1)
  A plant (Lair:1)
11 creatures vanquished.

Grand Total: 416 creatures vanquished

Notes
Turn   | Place    | Note
-------+----------+-------------------------------------------
     0 | D:1      | FRamirez the Minotaur Berserker began the quest for the Orb.
     0 | D:1      | Reached XP level 1. HP: 19/19 MP: 0/0
     1 | D:1      | Found a runed door.
    16 | D:1      | Reached XP level 2. HP: 13/27 MP: 1/1
    26 | D:1      | Reached skill level 4 in Axes
   214 | D:1      | Reached XP level 3. HP: 29/34 MP: 2/2
   346 | D:1      | Reached ** piety under Trog
   965 | D:2      | Reached XP level 4. HP: 40/41 MP: 3/3
  1056 | D:2      | Found a glowing golden altar of the Shining One.
  1391 | D:3      | Reached skill level 5 in Axes
  1454 | D:3      | Found a hazy altar of Hepliaklqana.
  1459 | D:3      | Reached *** piety under Trog
  1559 | D:3      | Reached skill level 5 in Fighting
  1602 | D:3      | Reached XP level 5. HP: 38/48 MP: 4/4
  1730 | D:3      | Noticed Jessica
  1735 | D:3      | Killed Jessica
  1886 | D:4      | Noticed Pikel
  1886 | D:4      | Noticed a slave
  1886 | D:4      | Noticed a slave
  1886 | D:4      | Noticed a slave
  1886 | D:4      | Noticed a slave
  1893 | D:4      | Killed Pikel
  1893 | D:4      | Reached skill level 7 in Axes
  1893 | D:4      | Reached skill level 1 in Stealth
  1893 | D:4      | Reached XP level 6. HP: 14/57 MP: 5/5
  1893 | D:4      | Reached XP level 7. HP: 15/62 MP: 6/6
  2569 | D:5      | Entered Level 5 of the Dungeon
  2581 | D:5      | Found Qefrioch's Magic Scroll Shoppe.
  2588 | D:5      | Reached skill level 8 in Axes
  2600 | D:5      | Noticed Duvessa
  2601 | D:5      | Noticed Dowan
  2615 | D:5      | Killed Dowan
  2617 | D:5      | Killed Duvessa
  2617 | D:5      | Reached XP level 8. HP: 16/71 MP: 7/7
  2958 | D:5      | Reached skill level 5 in Dodging
  3049 | D:5      | Found a sparkling altar of Nemelex Xobeh.
  3108 | D:5      | Bought a scroll of enchant weapon for 112 gold pieces
  3108 | D:5      | Bought a scroll of enchant weapon for 112 gold pieces
  3155 | D:5      | Reached skill level 9 in Axes
  3345 | D:6      | Noticed Sigmund
  3351 | D:6      | Killed Sigmund
  3351 | D:6      | Reached skill level 5 in Armour
  3552 | D:6      | Found a shimmering altar of Xom.
  3574 | D:6      | Reached skill level 10 in Axes
  3574 | D:6      | Reached **** piety under Trog
  3576 | D:6      | Reached XP level 9. HP: 79/79 MP: 8/8
  3603 | D:6      | Found Suipaini's Book Emporium.
  3604 | D:6      | Noticed Prince Ribbit
  3881 | D:6      | Found a sacrificial altar of Ru.
  3881 | D:6      | Found an ancient bone altar of Kikubaaqudgha.
  3886 | D:6      | Found a faded altar of an unknown god.
  3888 | D:6      | Found a snail-covered altar of Cheibriados.
  3889 | D:6      | Found a faded altar of an unknown god.
  4213 | D:6      | Killed Prince Ribbit
  4520 | D:7      | Reached skill level 11 in Axes
  4701 | D:7      | Found a staircase to the Ecumenical Temple.
  4770 | D:7      | Found a glowing golden altar of the Shining One.
  4931 | D:7      | Found a sacrificial altar of Ru.
  4980 | D:7      | Found a flagged portal.
  4988 | Bailey   | Entered a bailey
  5102 | Bailey   | Reached ***** piety under Trog
  5685 | D:8      | Reached XP level 10. HP: 88/89 MP: 9/9
  5694 | D:8      | Reached skill level 12 in Axes
  5832 | D:8      | Found a staircase to the Lair.
  5876 | D:8      | Found an opulent altar of Gozag.
  6122 | D:8      | Received a gift from Trog
  6286 | D:9      | Found a shattered altar of Ashenzari.
  6454 | D:9      | Found a white marble altar of Elyvilon.
  6507 | D:9      | Found a basalt altar of Yredelemnul.
  6683 | D:9      | Noticed a two-headed ogre
  6689 | D:9      | Killed a two-headed ogre
  6689 | D:9      | Reached skill level 13 in Axes
  7010 | Lair:1   | Entered Level 1 of the Lair of Beasts
  7071 | Lair:1   | Noticed a four-headed hydra
  7084 | Lair:1   | Killed a ten-headed hydra
  7084 | Lair:1   | Reached skill level 14 in Axes
  7084 | Lair:1   | Reached XP level 11. HP: 16/97 MP: 10/10
  8159 | Lair:2   | Found a staircase to the Shoals.
  8202 | Lair:2   | Reached skill level 10 in Fighting
  8530 | Lair:2   | Noticed an oklob plant
  8531 | Lair:2   | Noticed an oklob plant
  8553 | Lair:2   | Killed an oklob plant
  8553 | Lair:2   | Reached skill level 10 in Armour
  8557 | Lair:2   | Killed an oklob plant
  8557 | Lair:2   | Reached skill level 15 in Axes
  9188 | D:10     | Entered Level 10 of the Dungeon
  9448 | D:10     | Received a gift from Trog
  9474 | D:10     | Noticed an unseen horror
  9481 | D:10     | Killed an unseen horror
  9719 | D:10     | Reached skill level 1 in Shields
 10458 | D:10     | Reached XP level 12. HP: 99/108 MP: 11/11
 10570 | D:11     | Received a gift from Trog
 10913 | D:11     | Found a runed door.
 10929 | D:11     | Found a runed door.
 11019 | D:11     | Found a staircase to the Orcish Mines.
 11136 | D:11     | Reached skill level 16 in Axes
 12895 | D:13     | Noticed a two-headed ogre
 12900 | D:13     | Killed a two-headed ogre
 13068 | D:13     | Noticed an eight-headed hydra
 13092 | D:13     | Killed an eight-headed hydra
 13093 | D:13     | Received a gift from Trog
 13521 | D:13     | Reached skill level 1 in Staves
 13584 | D:13     | Slain by a large slime creature

Vault maps used:
D:1:      dpeg_arrival_caged_fury
D:2:      nicolae_tso_swordbearing_angel, minmay_tiny_reverse_x
D:3:      old_standard_altar, uniq_jessica
D:4:      uniq_pikel
D:5:      kennysheep_mini_moat, serial_shops, nicolae_shop_statue_plus,
          first_bread, uniq_duvessa
D:6:      xom_teletrap_fun, chequers_temple_overflow_minitemple, serial_shops,
          kennysheep_little_box, uniq_sigmund, uniq_prince_ribbit1
D:7:      minmay_temple_entry_grid, enter_bailey_2, basic_altar,
          nicolae_ru_awakened_eye
D:8:      lemuel_round_altar, dpeg_oklobed_lair
D:9:      cheibrodos_ashenzari_chains, kennysheep_ying_yang
D:11:     lemuel_insect_pit, orc_0_dummy
D:13:     grunt_vaults_entry_tiered
Lair:1:   lemuel_fruit_tree
Lair:2:   elwin_shoals_entry_rocks, minmay_lair_oklob_chamber,
          infiniplex_staircase_pool
Bailey:   bailey_axe_1, bailey

Skill      XL: |  1  2  3  4  5  6  7  8  9 10 11 12 |
---------------+-------------------------------------+-----
Fighting       | 4 5 6 7 8 9 10 12 | 12.1
Axes           | 4 5 7 8 10 11 14 15 16 | 16.5
Armour         | 3 4 5 7 8 10 11 | 11.0
Dodging        | 3 4 5 6 7 8 |  8.7
Stealth        | 1 2 3 4 |  4.4
Shields        | 1 3 |  3.1
Staves         | 1 |  1.2
Evocations     | |  0.5

Action                   |  1- 3 |  4- 6 |  7- 9 | 10-12 || total
-------------------------+-------+-------+-------+-------++-------
Melee: Hand axe          |    84 |    84 |    24 |   217 ||   409
       Headbutt          |     9 |    14 |    34 |   147 ||   204
       War axe           |       |       |   182 |   361 ||   543
       Battleaxe         |       |       |       |    43 ||    43
       Quarterstaff      |       |       |       |     5 ||     5
Invok: Berserk           |     1 |     1 |     4 |     9 ||    15
       Burn Spellbooks   |       |       |       |     1 ||     1
Evoke: Wand              |       |       |       |     1 ||     1
  Use: Scroll            |     3 |     1 |    13 |    11 ||    28
       Potion            |     2 |       |     5 |     6 ||    13
 Stab: Sleeping          |       |     1 |       |     5 ||     6
       Distracted        |       |       |     1 |     1 ||     2
  Eat: Chunk             |     1 |     3 |    15 |    76 ||    95
       Meat ration       |       |       |     1 |       ||     1
Armor: Animal skin       |    19 |    23 |       |       ||    42
       Ring mail         |       |     8 |    17 |       ||    25
       Scale mail        |       |       |   111 |   160 ||   271
       Acid dragon scale |       |       |       |    54 ||    54
Dodge: Dodged            |    60 |    54 |   229 |   356 ||   699
Block: Buckler           |       |       |       |    58 ||    58
